 Dungeon Crawl Stone Soup version 0.26.1-10-gdfb7c7de75 (webtiles) character file.

Game seed: 1683695712465968045

36037 Revguard the Cleaver (level 13, -9/84 HPs)
             Began as a Gargoyle Fighter on Apr 5, 2021.
             Was the Champion of Zin.
             Killed from afar by a wizard (48 damage)
             ... with a crystal spear
             ... on level 15 of the Dungeon.
             The game lasted 00:55:31 (16721 turns).

Revguard the Cleaver (Gargoyle Fighter)            Turns: 16721, Time: 00:55:32

Health: -9/84      AC: 33    Str: 25    XL:     13   Next: 87%
Magic:  19/20      EV:  7    Int: 13    God:    Zin [******]
Gold:   910        SH: 23    Dex: 15    Spells: 12/12 levels left

rFire    . . .     SeeInvis +   c - +2 war axe (holy)
rCold    + . .     Faith    .   I - +0 tower shield
rNeg     + . .     Spirit   .   l - +4 chain mail
rPois    ∞         Reflect  +   H - +2 helmet of Qazlal's Fury {Regen+ Int-3 Stlth+}
rElec    +         Harm     .   E - +1 cloak
rCorr    .         Rampage  .   t - +0 pair of gloves
Will     .....                  F - +0 pair of boots of the Volcano {rC+ Int+4 SInv} (curse)
Stlth    ..........             k - amulet of reflection
HPRegen  0.64/turn              (no ring)
MPRegen  0.17/turn              (no ring)

@: vitalised, studying Evocations
A: negative energy resistance 1, electricity resistance, unbreathing,
petrification resistance, miasma immunity, AC +9
a: Renounce Religion, Recite, Vitalisation, Imprison, Sanctuary, Donate Gold


You were on level 15 of the Dungeon.
You worshipped Zin.
Zin was exalted by your worship.
You visited 2 branches of the dungeon, and saw 16 of its levels.
You also visited: Sewer.

You collected 1228 gold pieces.
You spent 52 gold pieces at shops.
You donated 266 gold pieces to Zin.

Inventory:

Hand Weapons
 c - a +2 war axe of holy wrath (weapon)
 h - a +0 broad axe
 A - a +3 hand axe
Armour
 l - a +4 chain mail (worn)
 t - a +0 pair of gloves (worn)
 E - a +1 cloak (worn)
 F - the cursed +0 pair of boots of the Volcano (worn) {rC+ Int+4 SInv}
   (You found it on level 13 of the Dungeon)

   It affects your intelligence (+4).
   It protects you from cold.
   It lets you see invisible.
   It has a curse placed upon it.
 H - the +2 helmet of Qazlal's Fury (worn) {Regen+ Int-3 Stlth+}
   (You found it on level 10 of the Dungeon)

   It affects your intelligence (-3).
   It increases your rate of regeneration.
   It makes you more stealthy.
 I - a +0 tower shield (worn)
Jewellery
 i - an uncursed amulet of faith {unknown}
 k - an amulet of reflection (around neck)
 r - an uncursed amulet of guardian spirit {unknown}
 z - an uncursed ring of flight
 C - an uncursed ring of fire
Wands
 a - a wand of acid (1)
 y - a wand of paralysis (6)
Scrolls
 b - a scroll of vulnerability
 e - 3 scrolls of teleportation
 f - 8 scrolls of fog
 m - 2 scrolls of magic mapping
 n - a scroll of torment
 o - 3 scrolls of blinking
 p - a scroll of fear
 u - 6 scrolls of remove curse
 v - 5 scrolls of amnesia
 G - 2 scrolls of silence
 J - a scroll of identify
 K - a scroll of brand weapon {unknown}
Potions
 d - 3 potions of might
 g - 3 potions of attraction
 j - 11 potions of curing
 q - a potion of lignification
 s - 3 potions of haste
 w - a potion of berserk rage
 D - a potion of brilliance
Books
 x - a manual of Evocations
Miscellaneous
 B - a tin of tremorstones (inert)


   Skills:
 * Level 11.0 Fighting
 + Level 11.2 Axes
 * Level 9.1 Armour
 + Level 3.1 Dodging
 + Level 10.5 Shields
 * Level 9.3 Invocations
 * Level 10.8 Evocations


You had 12 spell levels left.
You didn't know any spells.
Your spell library contained the following spells:

 Spells                   Type           Power        Failure   Level
 Freeze                   Ice            0%           100%        1
 Sting                    Tmut/Pois      0%           100%        1
 Poisonous Vapours        Pois/Air       0%           100%        2
 Frozen Ramparts          Ice            0%           100%        3
 Ignite Poison            Fire/Tmut/Pois 0%           100%        3
 Mephitic Cloud           Conj/Pois/Air  0%           100%        3
 Ozocubu's Armour         Ice            0%           100%        3
 Hailstorm                Conj/Ice       0%           100%        4
 Olgreb's Toxic Radiance  Pois           0%           100%        4
 Summon Ice Beast         Ice/Summ       0%           100%        4


Dungeon Overview and Level Annotations

Branches:
Dungeon (15/15)            Temple (1/1) D:4            Lair (0/6) D:10
    Orc (0/2) D:12         Vaults (0/5) D:14          Sewer (visited)
 Depths: D:15

Altars:
Ashenzari
Cheibriados
Dithmenos
Elyvilon
Fedhas
Gozag
Hepliaklqana
Kikubaaqudgha
Makhleb
Nemelex Xobeh
Okawaru
Qazlal
Ru
Sif Muna
Trog
Uskayaw
Vehumet
Wu Jian
Xom
Yredelemnul
Zin
The Shining One

Shops:
D:9 *   D:10 ?   D:11 }[   D:13 (

Annotations:
D:9 1 runed translucent door


Innate Abilities, Weirdness & Mutations

You are resistant to torment.
Your stone body is resilient. (AC +9)
You are immune to poison.
You resist negative energy. (rN+)
You are resistant to electric shocks. (rElec)
You can survive without breathing.
You are immune to petrification.
You are immune to miasma.


Message History

Your shield and chain mail prevent you from hitting the wizard.
The wizard is moderately wounded.
You hit the neqoxec.
The neqoxec convulses.
Your shield and chain mail prevent you from hitting the orc knight.
The orc sorcerer no longer looks unusually strong.
You block the neqoxec's attack. You block the wizard's attack.
The death knight completely misses you.
The orc knight hits you but does no damage.
You slash the wizard!
The wizard is severely wounded.
You strike the helpless orc knight from behind!
You slash the orc knight!
You kill the orc knight!
You closely miss the neqoxec.
You are ready to recite again.
The wizard says, "Argatax netranoch dertex."
The wizard gestures at you while chanting.
The crystal spear hits you!!!
Ouch! That really hurt!
You die...

.........# .........#
#......+ .........#
+......#
.........#####......
#####'##...........#
.......#...........+
.......#...)...opo.#
.......# ........).#
##...### ......p@3.#####
###'##########'#......C.
......#...'....'.....[..
......#...#....#..######
......#...#....#.##
.....##...##.#####
#######'###### .. #...#
.. #...#


You could see a death knight, a cyclops, a wizard (fast), a neqoxec (summoned),
an orc sorcerer (blind) and an orc (strong, stupefied).

Vanquished Creatures
  Kirke (D:14)
  Frances (D:12)
  Josephine (D:12)
  A boulder beetle (D:15)
  8 vault guards (D:14)
  2 hydras (D:15)
  A centaur warrior (D:13)
  A death knight (D:14)
  A tengu warrior (D:13)
  3 two-headed ogres
  Sonja (D:12)
  A death drake (shapeshifter) (D:15)
  An unseen horror (D:12)
  2 orc knights
  4 ugly things
  2 manticores
  2 deep elf magi
  3 cyclopes
  3 centaur zombies
  Psyche (D:8)
  2 kobold demonologists (D:15)
  A troll (D:11)
  A harpy skeleton (D:14)
  3 slime creatures (D:12)
  A meliai zombie (D:12)
  Sigmund (D:2)
  4 wraiths (D:12)
  A vampire (D:12)
  11 yaks
  2 shadows
  3 hogs (D:14)
  A steam dragon (D:12)
  2 vampire mosquitoes (D:14)
  A soldier ant (D:12)
  A warg (D:15)
  A swamp drake (D:12)
  10 orc warriors
  A sky beast (D:10)
  A black bear (D:9)
  8 ice beasts
  7 ogres
  3 necrophages (D:12)
  5 phantoms
  8 centaurs
  4 big kobolds
  9 bullfrogs
  A wyvern zombie (D:10)
  A gnoll sergeant (D:12)
  7 scorpions
  6 killer bees
  22 wights
  7 howler monkeys
  A bullfrog zombie (D:5)
  A quasit (D:10)
  9 hounds
  A jelly (D:4)
  2 bullfrog skeletons
  10 orc priests
  5 iguanas
  9 orc wizards
  12 worker ants
  A hound skeleton (D:10)
  5 gnolls (D:12)
  13 adders
  2 shadow imps
  A white imp (D:6)
  2 oozes
  3 adder skeletons
  2 worms
  The ghost of chimenez the Sneak, a weakling BaDe (D:5)
  8 leopard geckos
  52 orcs
  9 bats
  10 giant cockroaches
  18 goblins
  5 hobgoblins
  12 jackals
  2 quokkas
  A ball python (Sewer)
  9 frilled lizards
  12 kobolds
  A quokka zombie (D:5)
  12 rats
  3 butterflies (D:9)
410 creatures vanquished.

Vanquished Creatures (others)
  An orc priest (D:12)
  A bush (D:12)
  12 plants (D:12)
14 creatures vanquished.

Grand Total: 424 creatures vanquished

Notes
Turn   | Place    | Note
-------+----------+-------------------------------------------
     0 | D:1      | Revguard the Gargoyle Fighter began the quest for the Orb.
     0 | D:1      | Reached XP level 1. HP: 14/14 MP: 1/1
   102 | D:1      | Reached XP level 2. HP: 19/20 MP: 2/2
   216 | D:1      | Reached XP level 3. HP: 24/24 MP: 3/3
   755 | D:2      | You fall into a shaft and drop 1 floor!
   803 | D:3      | Reached XP level 4. HP: 26/29 MP: 4/4
  1225 | D:3      | Found a radiant altar of Vehumet.
  1815 | D:4      | Found a glowing drain.
  1838 | Sewer    | Entered a sewer
  1904 | Sewer    | Reached XP level 5. HP: 34/34 MP: 5/5
  2270 | D:4      | Reached XP level 6. HP: 34/40 MP: 6/6
  2345 | D:4      | Found an iron altar of Okawaru.
  2382 | D:4      | Reached skill level 1 in Dodging
  2382 | D:4      | Reached skill level 1 in Evocations
  2635 | D:4      | Reached skill level 5 in Fighting
  2773 | D:4      | Found a staircase to the Ecumenical Temple.
  2923 | Temple   | Entered the Ecumenical Temple
  3076 | Temple   | Became a worshipper of Zin the Law-Giver
  3076 | Temple   | Reached * piety under Zin
  3108 | Temple   | Fell from the grace of Zin
  3108 | Temple   | Became a worshipper of the Shining One
  3114 | Temple   | Gained mutation: Scrolls take you a little longer to read.
                  | [potion of mutation]
  3114 | Temple   | Gained mutation: You have a pair of small horns on your
                  | head. [potion of mutation]
  3145 | Temple   | Fell from the grace of the Shining One
  3145 | Temple   | Became a worshipper of Zin the Law-Giver
  3278 | D:5      | Entered Level 5 of the Dungeon
  3332 | D:5      | Found a runed translucent door.
  3332 | D:5      | Noticed chimenez's ghost (weakling BaDe)
  3335 | D:5      | Noticed an ice beast
  3352 | D:5      | Reached XP level 7. HP: 44/44 MP: 7/7
  3356 | D:5      | Reached skill level 1 in Invocations
  4536 | D:5      | Donated 143 gold pieces to Zin
  4544 | D:5      | Killed chimenez's ghost
  4983 | D:2      | Reached skill level 5 in Shields
  5132 | D:2      | Reached ** piety under Zin
  5190 | D:2      | Noticed Sigmund
  5207 | D:2      | Killed Sigmund
  5208 | D:2      | Reached XP level 8. HP: 50/50 MP: 9/9
  5703 | D:6      | Got an encrusted chain mail
  5706 | D:6      | Identified the +3 chain mail "Upuz" {Int+3} (You found it
                  | on level 6 of the Dungeon)
  5731 | D:6      | Reached skill level 5 in Axes
  5870 | D:6      | Reached *** piety under Zin
  6318 | D:7      | Reached skill level 5 in Armour
  6335 | D:7      | Reached XP level 9. HP: 28/55 MP: 11/11
  6972 | D:7      | Found an ornate altar of the Wu Jian Council.
  7009 | D:7      | Reached **** piety under Zin
  7344 | D:8      | Noticed Psyche
  7352 | D:8      | Killed Psyche
  7658 | D:8      | Found an ancient bone altar of Kikubaaqudgha.
  7658 | D:8      | Found a blossoming altar of Fedhas.
  8457 | D:9      | Found a runed translucent door.
  8459 | D:9      | Found a runed translucent door.
  8581 | D:9      | Reached ***** piety under Zin
  8653 | D:9      | Reached XP level 10. HP: 59/61 MP: 13/13
  8826 | D:9      | Noticed a two-headed ogre
  8850 | D:9      | Killed a two-headed ogre
  8851 | D:9      | Reached skill level 5 in Invocations
  9162 | D:9      | Found Resowkue's Assorted Antiques.
  9205 | D:10     | Entered Level 10 of the Dungeon
  9379 | D:10     | Reached skill level 5 in Evocations
  9389 | D:10     | Found Yppioh Epta's Magic Scroll Shoppe.
  9473 | D:10     | Bought a scroll of identify for 26 gold pieces
  9473 | D:10     | Bought a scroll of identify for 26 gold pieces
  9561 | D:10     | Got a faintly humming helmet
  9564 | D:10     | Identified the +2 helmet of Qazlal's Fury {Regen+ Int-3
                  | Stlth+} (You found it on level 10 of the Dungeon)
  9770 | D:10     | Paralysed by an orc for 2 turns
  9779 | D:10     | Paralysed by an orc for 3 turns
  9805 | D:10     | Found a staircase to the Lair.
 10111 | D:11     | Noticed a cyclops
 10120 | D:11     | Killed a cyclops
 10212 | D:11     | Found Muuvuron's Gadget Shoppe.
 10320 | D:11     | Identified a scroll of acquirement
 10320 | D:11     | Acquired a manual of Evocations
 10517 | D:11     | Found Witunudil's Antique Armour Shop.
 10584 | D:11     | Noticed a two-headed ogre
 10602 | D:11     | Killed a two-headed ogre
 10603 | D:11     | Reached XP level 11. HP: 27/68 MP: 15/15
 11029 | D:12     | Noticed Frances
 11389 | D:12     | Noticed a two-headed ogre
 11460 | D:11     | Killed a two-headed ogre
 11647 | D:12     | Noticed a sixfirhy
 11669 | D:12     | Killed Frances
 11704 | D:12     | Noticed Sonja
 11717 | D:12     | Killed Sonja
 11719 | D:12     | Noticed a deep elf mage
 11731 | D:12     | Killed a deep elf mage
 12226 | D:12     | Found a blossoming altar of Fedhas.
 12319 | D:12     | Killed an unseen horror
 12320 | D:12     | Reached XP level 12. HP: 58/76 MP: 17/17
 12597 | D:12     | Found a staircase to the Orcish Mines.
 12619 | D:12     | Noticed Josephine
 12630 | D:12     | Killed Josephine
 13272 | D:13     | Got a twisted ring mail
 13283 | D:13     | Identified the +1 ring mail of Marbles {rPois} (You found
                  | it on level 13 of the Dungeon)
 13452 | D:13     | Got a pair of pitted boots
 13463 | D:13     | Identified the cursed +0 pair of boots of the Volcano {rC+
                  | Int+4 SInv} (You found it on level 13 of the Dungeon)
 13575 | D:13     | Noticed a tengu warrior
 13597 | D:13     | Killed a tengu warrior
 13598 | D:13     | Reached skill level 10 in Axes
 13707 | D:13     | Found Cenimpirgh's Antique Weapon Shoppe.
 13761 | D:13     | Noticed a centaur warrior
 13770 | D:13     | Killed a centaur warrior
 14441 | D:14     | Found a shadowy altar of Dithmenos.
 14508 | D:14     | Noticed a death knight
 14519 | D:14     | Reached skill level 10 in Fighting
 14525 | D:14     | Killed a death knight
 14831 | D:14     | Noticed Kirke
 14850 | D:14     | Killed Kirke
 14851 | D:14     | Reached XP level 13. HP: 10/83 MP: 19/19
 15050 | D:14     | Noticed a vault guard
 15076 | D:14     | Noticed a vault guard
 15077 | D:14     | Noticed a vault guard
 15120 | D:14     | Killed a vault guard
 15134 | D:14     | Killed a vault guard
 15135 | D:14     | Reached skill level 10 in Evocations
 15208 | D:14     | Noticed a vault guard
 15215 | D:14     | Noticed a vault guard
 15221 | D:14     | Killed a vault guard
 15234 | D:14     | Killed a vault guard
 15260 | D:14     | Killed a vault guard
 15394 | D:14     | Noticed a vault guard
 15408 | D:14     | Killed a vault guard
 15629 | D:14     | Noticed a vault guard
 15643 | D:14     | Noticed a vault guard
 15650 | D:14     | Killed a vault guard
 15651 | D:14     | Reached skill level 10 in Shields
 15670 | D:14     | Killed a vault guard
 15671 | D:14     | Found a gate to the Vaults.
 15935 | D:14     | Reached ****** piety under Zin
 16266 | D:15     | Entered Level 15 of the Dungeon
 16283 | D:15     | Lost mutation: Scrolls take you a little longer to read.
                  | [potion of mutation]
 16283 | D:15     | Lost mutation: You have a pair of small horns on your head.
                  | [potion of mutation]
 16721 | D:15     | Killed from afar by a wizard

Illustrated notes

Levels and vault maps discovered:
D:1:      sevenhm_arrival_forest_fort_small_6, layout_basic,
          minmay_three_crescents
D:2:      layout_basic, serial_corexii_hall, corexii_hall_statues_x,
          corexii_hall_statues_x, corexii_hall_statues_l,
          chequers_hall_statues_wall_a, corexii_hall_statues_l,
          chequers_hall_statues_wall_a, uniq_sigmund
D:3:      layout_basic, vehumet_crystals, serial_glass, glass_columns_b,
          glass_columns_a, due_unseen_surprise
D:4:      layout_gridville, lemuel_doored_altar, minmay_temple_entry_hall,
          cheibrodos_sewer_entry_drain
D:5:      layout_basic, gammafunk_ghost_grave
D:6:      layout_rooms
D:7:      layout_loops_corners, old_standard_altar
D:8:      layout_loops_cross, grunt_temple_overflow_growth_and_decay,
          uniq_psyche
D:9:      lemuel_insect_pit, layout_irregular_city, serial_shops, shop_fountains
D:10:     layout_cross, lair_entry_dummy, serial_shops, shop
D:11:     layout_cave_pools, serial_shops, shop, shop
D:12:     layout_rooms, erik_orc_1, gauntlet_entry_generic,
          fedhas_altar_decomposition, uniq_frances, uniq_sonja, uniq_josephine
D:13:     layout_loops_corners, serial_shops, shop
D:14:     layout_stronghold, erik_vaults_2,
          nicolae_dithmenos_through_a_glass_darkly, uniq_kirke
D:15:     grunt_enter_depths_hoard, layout_gridville, bh_walls_and_bars
Temple:   minmay_crystal_spiral_temple

Skill      XL: |  1  2  3  4  5  6  7  8  9 10 11 12 13 |
---------------+----------------------------------------+-----
Fighting       | 4 5 6 8 9 10 11 | 11.0
Axes           | 2 3 4 5 7 8 9 10 11 | 11.2
Shields        | 4 5 6 7 8 9 10 | 10.5
Armour         | 4 5 6 7 8 9 |  9.1
Dodging        | 1 2 3 |  3.1
Evocations     | 1 2 3 4 5 7 9 10 | 10.8
Invocations    | 2 3 4 6 7 8 9 |  9.3

Action                   |  1- 3 |  4- 6 |  7- 9 | 10-12 | 13-15 || total
-------------------------+-------+-------+-------+-------+-------++-------
Melee: War axe           |   114 |   227 |   217 |       |   197 ||   755
       Headbutt          |       |       |    72 |   178 |    45 ||   295
       Hand axe          |       |       |   184 |   415 |       ||   599
       Broad axe         |       |       |       |   308 |   125 ||   433
Invok: Recite            |       |       |     7 |    25 |     9 ||    41
       Donate Gold       |       |       |     1 |       |       ||     1
       Vitalisation      |       |       |     2 |     8 |     2 ||    12
       Sanctuary         |       |       |       |     1 |       ||     1
Evoke: Wand              |       |       |     2 |    11 |    10 ||    23
       Tin of tremorston |       |       |       |     4 |     1 ||     5
  Use: Scroll            |       |    10 |    10 |     8 |       ||    28
       Potion            |       |     9 |     2 |     4 |     1 ||    16
 Stab: Invisible         |       |       |     1 |     2 |     1 ||     4
       Paralysed         |       |       |       |    25 |    13 ||    38
       Confused          |       |       |       |     4 |     3 ||     7
Armor: Scale mail        |    78 |       |       |       |       ||    78
       Chain mail        |     4 |   152 |   262 |   397 |   117 ||   932
Dodge: Dodged            |    49 |    51 |   116 |   181 |    27 ||   424
Block: Kite shield       |    68 |   140 |   240 |   691 |       ||  1139
       Reflection        |       |       |       |    40 |       ||    40
       Tower shield      |       |       |       |    45 |   316 ||   361
